 Dungeon Crawl Stone Soup version 0.19-b1-5-gdc9fa9d (webtiles) character file.

38676 Franakus the Eclecticist (level 13, -5/70 HPs)
             Began as a Deep Elf Conjurer on Oct 31, 2016.
             Was a High Priest of Vehumet.
             Slain by a black mamba (15 damage)
             ... on level 5 of the Lair of Beasts.
             The game lasted 03:54:41 (14281 turns).

Franakus the Eclecticist (Deep Elf Conjurer)       Turns: 14281, Time: 03:54:44

Health: -5/70      AC: 12    Str:  5    XL:     13   Next: 65%
Magic:  3/35       EV: 12    Int: 26    God:    Vehumet [*****.]
Gold:   653        SH:  0    Dex: 15    Spells: 10 memorised, 15 levels left

rFire  . . .     SeeInvis +     J - +1 whip of Pyromania {flame, Stlth+}
rCold  + . .     Gourm    .     f - +3 ring mail {rPois}
rNeg   . . .     Faith    .     (no shield)
rPois  +         Spirit   .     (no helmet)
rElec  .         Reflect  .     t - +1 cloak
rCorr  .         Harm     .     (no gloves)
MR     +....     Rnd*Rage +     (no boots)
Stlth  ++++......               O - amulet of regeneration
                                A - ring of see invisible
                                e - +2 ring of protection

@: lethally poisoned (-5 -> -5), very slightly contaminated
A: talons 1, berserk 1, cold resistance 1, regeneration 1, screaming 1,
evolution 1, MP-powered wands
a: Renounce Religion


You were on level 5 of the Lair of Beasts.
You worshipped Vehumet.
Vehumet was extremely pleased with you.
You were not hungry.

You visited 3 branches of the dungeon, and saw 17 of its levels.
You also visited: Labyrinth and Sewer.

You collected 1086 gold pieces.
You spent 433 gold pieces at shops.

Inventory:

Hand Weapons
 b - the +8 whip "Snakebite" {curare, rPois}
   (You found it on level 3 of the Lair of Beasts)

   It poisons the flesh of those it strikes.
   It protects you from poison.
 u - a +0 dagger of draining
 H - a +0 vampiric war axe
 I - a +2 vampiric triple sword
 J - the +1 whip of Pyromania (weapon) {flame, Stlth+}
   (You bought it in a shop on level 5 of the Dungeon)

   It has been specially enchanted to burn those struck by it, causing extra
   injury to most foes and up to half again as much damage against particularly
   susceptible opponents.
   It makes you more stealthy.
Armour
 f - a +3 ring mail of poison resistance (worn)
 h - +0 fire dragon scales
 l - a +1 leather armour of poison resistance
 t - a +1 cloak (worn)
 x - a +2 robe of cold resistance
 N - the cursed +0 chain mail of the Stag {rF+, unknown}
   (You found it on level 5 of the Lair of Beasts)

   It protects you from fire.
   It has a curse placed upon it.
Magical Staves
 D - an uncursed staff of earth
Rods
 Y - a +5 rod of ignition (14/14)
   (You found it in a labyrinth)
Jewellery
 e - a +2 ring of protection (left hand)
 A - a ring of see invisible (right hand)
 O - an amulet of regeneration (around neck)
 T - an uncursed ring of flight
Wands
 a - a wand of flame (18/48)
 m - a wand of lightning (2/15)
 p - a wand of flame (47/48)
 q - a wand of confusion (26/48)
 E - a wand of slowing (18/48)
 K - a wand of paralysis (15/24)
 M - a wand of iceblast (10/15)
 W - a wand of random effects (21/48)
 Z - a wand of paralysis (15/24)
Scrolls
 i - 8 scrolls of remove curse
 s - a scroll of silence
 y - 2 scrolls of teleportation
 z - a scroll of recharging
 F - a scroll of acquirement {unknown}
 G - 2 scrolls of fear
 L - 3 scrolls of immolation
 P - 3 scrolls of magic mapping
 Q - 2 scrolls of fog
 V - 3 scrolls of identify
Potions
 d - a potion of haste
 g - a potion of agility
 j - a potion of magic
 k - 3 potions of curing
 r - 7 potions of brilliance
 v - 2 potions of cancellation
 R - 2 potions of ambrosia
 S - a potion of heal wounds
 U - a potion of lignification
Comestibles
 c - 12 bread rations
 n - 14 fruits
 o - 13 royal jellies
 w - 8 slices of pizza
 B - 3 meat rations
 C - a beef jerky
 X - 3 chunks of flesh


   Skills:
 + Level 4.0 Fighting
 - Level 0.4 Staves
 * Level 2.8 Armour
 + Level 7.7 Dodging
 + Level 6.6 Stealth
 - Level 0.1 Unarmed Combat
 + Level 16.4 Spellcasting
 + Level 13.4 Conjurations
 + Level 9.3 Charms
 + Level 1.4 Necromancy
 + Level 7.9 Fire Magic
 + Level 2.6 Ice Magic
 + Level 4.5 Earth Magic
 + Level 6.3 Evocations


You had 15 spell levels left.
You knew the following spells:

 Your Spells              Type           Power        Failure   Level  Hunger
a - Magic Dart            Conj           ####         1%          1    None
b - Searing Ray           Conj           ######       1%          2    None
c - Iskenderun's Mystic   Conj           ######..     1%          4    None
d - Iskenderun's Battles  Conj/Chrm      ######..     1%          5    None
e - Regeneration          Chrm/Necr      #####.....   3%          3    None
f - Shock                 Conj/Air       ####         1%          1    None
g - Flame Tongue          Conj/Fire      #####        1%          1    None
h - Conjure Flame         Conj/Fire      ######..     1%          3    None
i - Bolt of Magma         Conj/Fire/Erth ######....   2%          5    None
j - Throw Icicle          Conj/Ice       ######..     1%          4    None


Dungeon Overview and Level Annotations

Branches:
Dungeon (10/15)            Temple (1/1) D:5            Lair (6/6) D:10
 Shoals (0/4) Lair:4        Snake (0/4) Lair:2        Slime (0/5) Lair:5
    Orc: D:9-12

Altars:
Ashenzari
Cheibriados
Fedhas
Hepliaklqana
Kikubaaqudgha
Makhleb
Nemelex Xobeh
Qazlal
Sif Muna
Trog
Uskayaw
Vehumet
Xom
Yredelemnul
Zin
Jiyva

Shops:
D:5 (   D:6 !   D:9 :

Annotations:
D:4 no0bjke's ghost, amateur MiBe
D:5 feelmyfire's ghost, novice MiFi


Innate Abilities, Weirdness & Mutations

You have sharp toenails.
You tend to lose your temper in combat.
Your flesh is cold resistant. (rC+)
Your natural rate of healing is unusually fast.
You occasionally shout uncontrollably at your foes.
You evolve.
You expend magic power (3 MP) to strengthen your wands.


Message History

You feel better. The black mamba barely misses you. The black mamba bites you.
Casting: Bolt of Magma
Confirm with . or Enter, or press ? or * to list all spells.
You conjure a globe of magical energy.
The black mamba bites you!
* * * LOW HITPOINT WARNING * * *
You are poisoned.
The black mamba poisons you! The black mamba bites you.
* * * LOW HITPOINT WARNING * * *
Casting: Iskenderun's Battlesphere
Confirm with . or Enter, or press ? or * to list all spells.
Aiming: Bolt of Magma
Press: ? - help, Shift-Dir - straight line, f - black mamba
Aim: a black mamba (heavily wounded)
The bolt of magma misses the black mamba.
You feel sick.
Your battlesphere fires!
The barrage of energy hits the black mamba.
The black mamba is severely wounded.
The black mamba bites you!
You die...

≈≈≈≈≈≈≈≈.........#...P.#.....##
≈≈≈≈≈≈≈≈................#...#.#
≈≈≈≈≈≈≈.....................#.#
.≈≈≈.......................####
.#.............?...........#
#.......................#..#
...................[....P..#
.............*.S...........#
.P....#.........@..........##
.......#....................##
..............P..............###
...............................#
.............................###
#........#..................##
#P..#.#####.................##
.P....### ##..PP.............##
...#....## #..#P..............#


You could see a black mamba and a friendly battlesphere.

Vanquished Creatures
  Rupert (Lair:4)
  A minotaur (Lab)
  The ghost of Oozefury the Grappler, a journeyman DrTm of Makhleb (D:9)
  Harold (Lair:4)
  8 hydras
  A catoblepas (Lair:3)
  Sonja (Lair:4)
  A hill giant (D:10)
  A lindwurm (Lair:5)
  A cyclops (D:9)
  9 elephants
  4 black mambas
  6 spiny frogs
  3 rime drakes
  A komodo dragon (Lair:4)
  A minotaur zombie (Lab)
  A queen bee (Lair:3)
  A hornet (D:10)
  Prince Ribbit (D:6)
  Grinder (D:6)
  17 blink frogs
  8 hippogriffs
  A spriggan (shapeshifter) (D:10)
  2 wyverns (Lair:6)
  A wraith (D:10)
  29 yaks
  Edmund (D:6)
  3 nagas (Lair:2)
  16 water moccasins
  5 porcupines
  5 orc warriors
  A black bear (D:9)
  3 sky beasts
  3 centaurs
  An ogre (D:4)
  8 wolves
  7 crocodiles
  2 big kobolds
  9 bullfrogs
  3 scorpions
  4 wights (D:6)
  29 killer bees
  2 howler monkeys
  4 lava snakes (Lab)
  3 crimson imps
  A bullfrog zombie (D:9)
  A bullfrog skeleton (D:9)
  8 hounds
  13 orc wizards
  8 orc priests
  Crazy Yiuf (D:2)
  A jelly (D:8)
  2 centaur skeletons
  2 iguanas
  Ijyb (D:2)
  7 worker ants
  A killer bee zombie (D:8)
  A hound zombie (D:5)
  3 hound skeletons
  16 adders
  4 river rats
  2 shadow imps
  An ooze (Sewer)
  2 adder zombies
  An adder skeleton (D:4)
  2 worms
  5 leopard geckos
  47 orcs
  9 giant cockroaches
  11 goblins
  9 hobgoblins
  5 jackals
  26 kobolds
  3 ball pythons (Sewer)
  A ball python skeleton (D:4)
  8 bats
  3 frilled lizards
  A leopard gecko skeleton (D:4)
  8 rats
426 creatures vanquished.

Vanquished Creatures (others)
  7 fungi
  8 plants
15 creatures vanquished.

Grand Total: 441 creatures vanquished

Notes
Turn   | Place    | Note
-------+----------+-------------------------------------------
     0 | D:1      | Franakus the Deep Elf Conjurer began the quest for the Orb.
     0 | D:1      | Reached XP level 1. HP: 10/10 MP: 6/6
   119 | D:1      | Reached XP level 2. HP: 15/15 MP: 6/8
   123 | D:1      | Learned a level 2 spell: Searing Ray
   498 | D:1      | Reached skill level 5 in Conjurations
   642 | D:2      | Reached XP level 3. HP: 16/19 MP: 2/9
   795 | D:2      | Reached skill level 4 in Spellcasting
   795 | D:2      | Reached XP level 4. HP: 24/24 MP: 6/12
   801 | D:2      | Learned a level 4 spell: Iskenderun's Mystic Blast
   952 | D:2      | Noticed Ijyb
   958 | D:2      | Killed Ijyb
   958 | D:2      | Reached skill level 1 in Fighting
   964 | D:2      | Found a glowing silver altar of Zin.
  1061 | D:2      | Found a runed door.
  1065 | D:2      | Noticed Crazy Yiuf
  1071 | D:2      | Killed Crazy Yiuf
  1071 | D:2      | Reached XP level 5. HP: 18/29 MP: 3/13
  1591 | D:3      | Found a blossoming altar of Fedhas.
  2107 | D:4      | Reached skill level 5 in Spellcasting
  2212 | D:4      | Noticed an ogre
  2222 | D:4      | Killed an ogre
  2222 | D:4      | Reached XP level 6. HP: 18/35 MP: 5/16
  2608 | D:4      | Noticed no0bjke's ghost (amateur MiBe)
  2639 | D:4      | Reached skill level 6 in Spellcasting
  2896 | D:4      | Learned a level 5 spell: Iskenderun's Battlesphere
  2897 | D:5      | Entered Level 5 of the Dungeon
  2931 | D:5      | Reached XP level 7. HP: 40/40 MP: 14/18
  2932 | D:5      | Noticed feelmyfire's ghost (novice MiFi)
  2965 | D:5      | Found a shimmering altar of Xom.
  2992 | D:5      | Reached skill level 1 in Charms
  3095 | D:5      | Found a staircase to the Ecumenical Temple.
  3104 | Temple   | Entered the Ecumenical Temple
  3111 | Temple   | Became a worshipper of Vehumet
  3130 | D:5      | Found Noipnan's Antique Weapon Shoppe.
  3136 | D:5      | Bought a transparent whip for 187 gold pieces
  3136 | D:5      | Identified the +1 whip of Pyromania {flame, Stlth+} (You bought it in a shop on level 5 of the Dungeon)
  3275 | D:5      | Found a shattered altar of Ashenzari.
  3433 | D:6      | Noticed Grinder
  3648 | D:6      | Noticed Edmund
  3670 | D:7      | Noticed a hippogriff
  3682 | D:7      | Killed a hippogriff
  3712 | D:7      | Learned a level 3 spell: Regeneration
  3792 | D:7      | Gained mutation: You are frail. (-10% HP) [potion of mutation]
  3792 | D:7      | Gained mutation: You tend to lose your temper in combat. [potion of mutation]
  3792 | D:7      | Gained mutation: You often lose your temper in combat. [potion of mutation]
  3793 | D:7      | Lost mutation: You are frail. (-10% HP) [potion of mutation]
  3793 | D:7      | Gained mutation: Your spells are a little harder to cast, but a little more powerful. [potion of mutation]
  3794 | D:7      | Lost mutation: You often lose your temper in combat. [potion of mutation]
  3794 | D:7      | Gained mutation: You have sharp toenails. [potion of mutation]
  3794 | D:7      | Gained mutation: Armour fits poorly on your strangely shaped body. [potion of mutation]
  3827 | D:7      | Reached XP level 8. HP: 45/45 MP: 15/20
  3867 | D:7      | Reached skill level 7 in Spellcasting
  3873 | D:7      | Gained mutation: You evolve. [mutagenic meat]
  3874 | D:7      | Gained mutation: You are clumsy. (Dex -2) [mutagenic meat]
  3875 | D:7      | Gained mutation: You expend magic power (3 MP) to strengthen your wands. [mutagenic meat]
  3876 | D:7      | Gained mutation: You are weak. (Str -2) [mutagenic meat]
  3897 | D:7      | Found a hazy altar of Hepliaklqana.
  4141 | D:6      | Found a faded altar of an unknown god.
  4141 | D:6      | Found a deep blue altar of Sif Muna.
  4147 | D:6      | Found a faded altar of an unknown god.
  4149 | D:6      | Found a faded altar of an unknown god.
  4180 | D:6      | Reached * piety under Vehumet
  4180 | D:6      | Offered knowledge of Shock by Vehumet.
  4190 | D:6      | Found a glowing drain.
  4194 | Sewer    | Entered a sewer
  4197 | Sewer    | Learned a level 1 spell: Shock
  4396 | Sewer    | Reached skill level 5 in Charms
  4646 | D:6      | Reached skill level 5 in Stealth
  4672 | D:6      | Found a faded altar of an unknown god.
  4762 | D:6      | Noticed Prince Ribbit
  4765 | D:6      | Killed Prince Ribbit
  4765 | D:6      | Reached skill level 5 in Dodging
  4765 | D:6      | Reached skill level 8 in Spellcasting
  4789 | D:6      | Killed Grinder
  4789 | D:6      | Reached skill level 1 in Necromancy
  4789 | D:6      | Reached XP level 9. HP: 49/49 MP: 6/23
  4871 | D:6      | Found Comi Ufa's Distillery.
  4887 | D:6      | Bought a potion of might for 48 gold pieces
  4887 | D:6      | Bought a potion of agility for 48 gold pieces
  4887 | D:6      | Bought 2 potions of heal wounds for 120 gold pieces
  4887 | D:6      | Bought a potion of mutation for 30 gold pieces
  4887 | D:6      | Gained mutation: Your natural rate of healing is unusually fast. [potion of mutation]
  4887 | D:6      | Lost mutation: You are clumsy. (Dex -2) [potion of mutation]
  4899 | D:6      | Offered knowledge of Flame Tongue by Vehumet.
  4902 | D:6      | Learned a level 1 spell: Flame Tongue
  4902 | D:6      | Reached ** piety under Vehumet
  5104 | D:6      | Reached skill level 1 in Fire Magic
  5201 | D:6      | Killed Edmund
  5600 | D:8      | HP: 1/50 [killer bee (4)]
  5641 | D:7      | HP: 2/50 [killer bee (2)]
  5824 | D:7      | Reached skill level 9 in Spellcasting
  6016 | D:8      | Found a snail-covered altar of Cheibriados.
  6145 | D:8      | Offered knowledge of Mephitic Cloud by Vehumet.
  6394 | D:8      | Reached *** piety under Vehumet
  6714 | D:9      | Found Cetoz's Book Shoppe.
  6824 | D:9      | Reached XP level 10. HP: 56/56 MP: 18/25
  6874 | D:9      | Noticed Oozefury's ghost (journeyman DrTm)
  6911 | D:9      | Killed Oozefury's ghost
  6911 | D:9      | Reached skill level 10 in Spellcasting
  7044 | D:9      | Offered knowledge of Conjure Flame by Vehumet.
  7115 | D:9      | Noticed a cyclops
  7140 | D:9      | Killed a cyclops
  7170 | D:9      | Reached **** piety under Vehumet
  7175 | D:9      | Found a burning altar of Makhleb.
  7281 | D:9      | Lost mutation: You are weak. (Str -2) [evolution]
  7480 | D:9      | Reached skill level 10 in Conjurations
  7506 | D:9      | Learned a level 3 spell: Conjure Flame
  7518 | D:10     | Entered Level 10 of the Dungeon
  7600 | D:10     | Noticed a hill giant
  7603 | D:10     | Offered knowledge of Bolt of Magma by Vehumet.
  7621 | D:10     | Killed a hill giant
  7621 | D:10     | Reached skill level 11 in Spellcasting
  7621 | D:10     | Reached skill level 5 in Fire Magic
  7769 | D:10     | Learned a level 5 spell: Bolt of Magma
  7815 | D:10     | Found a staircase to the Lair.
  8227 | Lair:1   | Entered Level 1 of the Lair of Beasts
  8227 | Lair:1   | Noticed a four-headed hydra
  8235 | Lair:1   | Killed a four-headed hydra
  8235 | Lair:1   | Reached XP level 11. HP: 59/60 MP: 14/28
  8798 | Lair:1   | Gained mutation: You are clumsy. (Dex -2) [evolution]
  8990 | Lair:1   | Reached skill level 12 in Spellcasting
  9096 | Lair:1   | You fall through a shaft!
  9096 | Lair:2   | Found a staircase to the Snake Pit.
  9379 | Lair:2   | Noticed a seven-headed hydra
  9387 | Lair:2   | Killed a seven-headed hydra
  9387 | Lair:2   | Reached skill level 1 in Earth Magic
  9423 | Lair:2   | Noticed a five-headed hydra
  9568 | Lair:2   | Reached ***** piety under Vehumet
  9776 | Lair:2   | Offered knowledge of Throw Icicle by Vehumet.
 10017 | Lair:2   | Learned a level 4 spell: Throw Icicle
 10129 | Lair:2   | Killed a five-headed hydra
 10129 | Lair:2   | Reached skill level 13 in Spellcasting
 10368 | Lair:3   | Found a labyrinth entrance.
 10377 | Lab      | Entered a labyrinth
 10616 | Lab      | Identified the Handbook of Transmigration and Conjuration
 10682 | Lab      | Noticed a minotaur
 10688 | Lab      | Killed a minotaur
 10688 | Lab      | Reached skill level 1 in Ice Magic
 10688 | Lab      | Reached XP level 12. HP: 66/66 MP: 11/31
 10690 | Lab      | Identified Sif Muna's Catalogue of Beguiling and Shape Shifting
 10691 | Lab      | Got a warped bronze ring
 10699 | Lab      | Identified the ring of Syndicalism {rF+ Stlth-} (You found it in a labyrinth)
 10711 | Lab      | Identified a +5 rod of ignition (14/14) (You found it in a labyrinth)
 10992 | Lair:3   | Noticed a catoblepas
 11007 | Lair:3   | Killed a catoblepas
 11007 | Lair:3   | Reached skill level 1 in Evocations
 11086 | Lair:3   | Noticed a five-headed hydra
 11096 | Lair:3   | Killed a five-headed hydra
 11096 | Lair:3   | Reached skill level 14 in Spellcasting
 11962 | Lair:3   | Gained mutation: You occasionally shout uncontrollably at your foes. [evolution]
 12004 | Lair:1   | Lost mutation: You are clumsy. (Dex -2) [potion of cure mutation]
 12004 | Lair:1   | Lost mutation: Armour fits poorly on your strangely shaped body. [potion of cure mutation]
 12004 | Lair:1   | Lost mutation: Your spells are a little harder to cast, but a little more powerful. [potion of cure mutation]
 12046 | Lair:4   | Noticed Harold
 12051 | Lair:4   | Killed Harold
 12094 | Lair:4   | Noticed a four-headed hydra
 12272 | Lair:4   | Noticed Rupert
 12303 | Lair:4   | Killed a four-headed hydra
 12338 | Lair:4   | Found a staircase to the Shoals.
 12412 | Lair:4   | Noticed Sonja
 12426 | Lair:4   | Killed Sonja
 12426 | Lair:4   | Reached skill level 15 in Spellcasting
 12605 | Lair:4   | Killed Rupert
 12605 | Lair:4   | Reached skill level 1 in Armour
 12605 | Lair:4   | Reached XP level 13. HP: 70/70 MP: 9/34
 12679 | Lair:4   | Reached skill level 5 in Evocations
 13038 | Lair:5   | Found a staircase to the Slime Pits.
 13038 | Lair:5   | Found a viscous altar of Jiyva.
 13284 | Lair:5   | Got a diamond-studded chain mail
 13677 | Lair:6   | Entered Level 6 of the Lair of Beasts
 13781 | Lair:5   | Reached skill level 16 in Spellcasting
 14188 | Lair:6   | Gained mutation: Your flesh is cold resistant. (rC+) [evolution]
 14281 | Lair:5   | Slain by a black mamba

Skill      XL: |  1  2  3  4  5  6  7  8  9 10 11 12 13 |
---------------+----------------------------------------+-----
Conjurations   | 5 6 7 8 9 10 11 12 13 | 13.4
Spellcasting   | 4 5 6 8 9 11 13 15 16 | 16.4
Fighting       | 1 2 3 4 |  4.0
Dodging        | 3 4 5 6 7 |  7.7
Stealth        | 3 4 5 6 |  6.6
Charms         | 3 6 7 8 9 |  9.3
Necromancy     | 1 |  1.4
Fire Magic     | 3 5 7 |  7.9
Earth Magic    | 2 3 4 |  4.5
Ice Magic      | 1 2 |  2.6
Evocations     | 4 6 |  6.3
Armour         | 1 2 |  2.8
Staves         | |  0.4
Unarmed Combat | |  0.1

Action                   |  1- 3 |  4- 6 |  7- 9 | 10-12 | 13-15 || total
-------------------------+-------+-------+-------+-------+-------++-------
Melee: Unarmed           |     1 |       |       |       |       ||     1
       Quarterstaff      |       |     2 |     3 |       |       ||     5
       Whip              |       |       |    37 |    19 |     1 ||    57
       Kick              |       |       |     7 |     4 |     1 ||    12
 Fire: Hunting sling     |    37 |    37 |       |       |       ||    74
Throw: Stone             |       |     5 |     7 |       |       ||    12
 Cast: Magic Dart        |    27 |    16 |   126 |   212 |   119 ||   500
       Searing Ray       |     7 |    29 |    52 |    14 |       ||   102
       Iskenderun's Myst |       |     3 |    10 |    12 |     1 ||    26
       Regeneration      |       |       |     5 |       |       ||     5
       Iskenderun's Batt |       |       |    17 |    62 |    31 ||   110
       Shock             |       |       |     3 |     3 |       ||     6
       Bolt of Magma     |       |       |       |    55 |    27 ||    82
       Throw Icicle      |       |       |       |    20 |    10 ||    30
Evoke: Wand              |       |       |     1 |     1 |       ||     2
       Rod               |       |       |       |       |     2 ||     2
  Use: Scroll            |       |    10 |     6 |    18 |       ||    34
       Potion            |       |       |    16 |     2 |     1 ||    19
 Stab: Sleeping          |       |       |     1 |       |       ||     1
  Eat: Chunk             |       |     6 |    18 |    16 |     6 ||    46
       Meat ration       |       |       |     1 |     2 |       ||     3
       Beef jerky        |       |       |       |     1 |       ||     1
       Fruit             |       |       |       |     1 |       ||     1
       Royal jelly       |       |       |       |     1 |       ||     1
       Pizza             |       |       |       |     1 |       ||     1
Armor: Robe              |    10 |     6 |    39 |    30 |       ||    85
       Ring mail         |       |       |       |     2 |    25 ||    27
Dodge: Dodged            |    12 |    31 |   202 |   143 |    32 ||   420
       Rpst.: Scimitar   |       |       |       |     1 |       ||     1
